 Dungeon Crawl Stone Soup version 0.27.0-1-g7a089689b8 (webtiles) character file.

Game seed: 8193257461831781289

77 Naeght the Poker (level 4, -12/34 HPs)
             Began as a Merfolk Gladiator on Aug 17, 2021.
             Killed by divine providence
             ... invoked by an orc priest
              (17 damage)
             ... on level 2 of the Dungeon.
             The game lasted 00:04:29 (2407 turns).

Naeght the Poker (Merfolk Gladiator)                Turns: 2407, Time: 00:04:30

Health: -12/34     AC:  7    Str: 14    XL:     4   Next: 34%
Magic:  4/4        EV: 14    Int:  7    God:
Gold:   85         SH:  0    Dex: 19    Spells: 3/3 levels left

rFire    . . .     SeeInvis +   a - +0 trident
rCold    . . .     Faith    .   (no shield)
rNeg     . . .     Spirit   .   b - +0 leather armour
rPois    .         Reflect  .   c - +0 helmet
rElec    .         Harm     .   (no cloak)
rCorr    .         Rampage  .   i - +2 pair of gloves {Dex+3}
Will     .....                  (no boots)
Stlth    +.........             e - amulet of magic regeneration
HPRegen  0.11/turn              f - ring of see invisible
MPRegen  0.34/turn              (no ring)

@: confused
A: (nimble swimmer 2), mertail
a: no special abilities


You were on level 2 of the Dungeon.
You visited 1 branch of the dungeon, and saw 3 of its levels.

You collected 85 gold pieces.

Inventory:

Hand Weapons
 a - a +0 trident (weapon)
 k - a +0 vorpal hunting sling
Missiles
 d - 2 throwing nets (quivered)
 l - 66 stones
Armour
 b - a +0 leather armour (worn)
 c - a +0 helmet (worn)
 i - a +2 pair of gloves of dexterity (worn)
Jewellery
 e - an amulet of magic regeneration (around neck)
 f - a ring of see invisible (left hand)
 h - a +4 ring of slaying
Wands
 m - a wand of mindburst (10)
Scrolls
 g - 2 scrolls of magic mapping {unknown}


   Skills:
 + Level 2.9 Fighting
 * Level 6.0 Polearms
 * Level 0.5(1.1) Slings
 - Level 2.0(2.1) Throwing
 + Level 4.7 Dodging


You had 3 spell levels left.
You didn't know any spells.
Your spell library was empty.

Dungeon Overview and Level Annotations

Branches:
Dungeon (3/15)

Altars:


Innate Abilities, Weirdness & Mutations

((You are quick and stealthy near water. (Stealth+, EV+, Speed+++)))
Your lower body shifts to a powerful aquatic tail in water.


Message History

Beogh smites you!
Ouch! That really hurt!
Unknown command.
You closely miss the orc priest.
The orc wizard hits you but does no damage.
The orc priest hits you with a +1 vorpal mace.
You closely miss the orc priest.
The orc wizard hits you with a +0 dagger.
The orc priest completely misses you.
You closely miss the orc priest.
The orc wizard hits you but does no damage.
The orc priest barely misses you.
You barely miss the orc priest. The orc wizard closely misses you.
The orc priest hits you with a +1 vorpal mace.
* * * LOW HITPOINT WARNING * * *
x2 Sorry, you're not good enough to have a special ability.
You hit the orc priest.
The orc priest is moderately wounded.
The orc wizard hits you with a +0 dagger.
* * * LOW HITPOINT WARNING * * *
The orc priest misses you.
You aren't carrying any potions.
Blink to where?
Press: ? - help, Dir - move target, p - orc priest
As you read the scroll labelled BUIPEL RIAMEQONY, it crumbles to dust.
It was a scroll of blinking.
The orc wizard points at you and mumbles some strange words.
You are confused.
Non-targeted confused throw: 3 throwing nets
Press: ? - help, Q - select action, (/) - cycle Dir - look around, f - activate
Okay, then.
Non-targeted confused throw: 3 throwing nets
Press: ? - help, Q - select action, (/) - cycle Dir - look around, f - activate Look: an orc wizard, wielding a +0 dagger and wearing a +0 robe (slightly transparent, 39% to hit)
You throw a throwing net.
You bump into the rock wall.
The orc priest invokes the aid of Beogh against you.
Beogh smites you!
Ouch! That really hurt!
You die...

#.##### ##.#........##....#
#.# ##....#####..##.##.#
#.#########..(..#####..).....#
#..................##.###.####
#############.#.##.##.###.#
#.#.##........#
#.#.#####.##### #.#.......#
#@######### #.# #.#########
######### #.##......#
#.......# #o##.####.#
#.#####.# #.##....#.##### #.#
###.########o##..........# #.#
#.....).........o..#.###.#
#.###.#.######......####.# #.#


You could see an orc priest and an orc wizard (invisible).

Vanquished Creatures
  2 gnolls (D:1)
  2 adders
  A dart slug (D:1)
  5 ball pythons
  An endoplasm (D:1)
  2 giant cockroaches
  5 goblins
  2 hobgoblins
  A jackal (D:1)
  3 kobolds (D:1)
  2 quokkas
  6 bats
  2 frilled lizards
  4 rats
38 creatures vanquished.

Notes
Turn   | Place    | Note
-------+----------+-------------------------------------------
     0 | D:1      | Naeght the Merfolk Gladiator began the quest for the Orb.
     0 | D:1      | Reached XP level 1. HP: 16/16 MP: 1/1
   235 | D:1      | Reached XP level 2. HP: 23/23 MP: 2/2
   416 | D:1      | Reached skill level 5 in Polearms
   674 | D:1      | Reached XP level 3. HP: 28/28 MP: 3/3
  1947 | D:2      | Reached XP level 4. HP: 34/34 MP: 4/4
  2308 | D:3      | Reached skill level 6 in Polearms
  2407 | D:2      | Killed from afar by an orc priest

Illustrated notes

Levels and vault maps discovered:
D:1:      nzn_arrival_water_spiral, layout_loops_corners, st_stairs_9,
          minmay_close_crescents
D:2:      layout_loops_corners, minmay_strange_pillars, minmay_pentomino_t2
D:3:      layout_basic, hellmonk_ecumenical_altar_watching_god

Skill      XL: |  1  2  3  4 |
---------------+-------------+-----
Polearms       | 5 6 |  6.0
Fighting       | |  2.9
Slings         | |  0.5
Throwing       | |  2.0
Dodging        | |  4.7

Action                   |  1- 3 |  4- 6 || total
-------------------------+-------+-------++-------
Melee: Trident           |    91 |     6 ||    97
 Fire: Hunting sling     |     9 |    24 ||    33
Throw: Throwing net      |       |     1 ||     1
  Use: Scroll            |       |     1 ||     1
 Stab: Sleeping          |     2 |       ||     2
Armor: Leather armour    |    23 |     7 ||    30
Dodge: Dodged            |    43 |    16 ||    59
